AoeStats
← Whitebear

African Clearing

510821006Analyzed
2v2 RM · 14h ago on Oct 2, 2026· 40m 1s· 4 players
Game mode
Random Map
Map size
Medium (4 player)
Population
200
Speed
Normal
Resources
Standard
Victory
Conquest
Starting age
Dark Age
Ending age
Imperial Age
RankedLock teamsTeams togetherTeam positionsShared explorationLock speedFull tech treeHidden civsTurbo modeCheats
Victory
Defeat
🇩🇪 Huns · Germany
1395
+14
🇩🇪 Armenians · Germany
1387
+14
🇦🇷 Malians · Argentina
1342
-14
🇨🇦 Saxons · Canada
1338
-14
Whitebear
5:17 Loom
13:24 Feudal Age
15:59 Double-Bit Axe
20:29 Castle Age
18:47 Fletching
19:50 Padded Archer Armor
20:35 Gold Mining
21:57 Bow Saw
23:18 Wheelbarrow
22:17 Crossbowman
23:24 Horse Collar
24:19 Bodkin Arrow
27:50 Wheelbarrow
27:46 Stone Mining
29:09 Scale Mail Armor
30:51 Leather Archer Armor
32:09 Ballistics
32:42 Gold Shaft Mining
34:14 Town Watch
35:25 Thumb Ring
39:26 Hand Cart
NosaSanjuan
3:58 Loom
13:53 Feudal Age
15:30 Double-Bit Axe
19:29 Castle Age
18:30 Fletching
23:59 Horse Collar
24:33 Bow Saw
25:03 Forging
28:36 Squires
32:24 Iron Casting
35:36 Scale Mail Armor
36:40 Wheelbarrow
36:49 Heavy Plow
36:58 Town Watch
37:48 Chain Mail Armor
Dani
9:30 Loom
11:56 Feudal Age
12:24 Man-at-Arms
13:07 Double-Bit Axe
17:39 Wheelbarrow
17:04 Long Swordsman
17:30 Arson
18:09 Fletching
20:35 Padded Archer Armor
24:10 Castle Age
22:41 Gold Mining
23:36 Scale Mail Armor
23:28 Horse Collar
24:50 Bodkin Arrow
25:51 Bow Saw
26:02 Elite Skirmisher
27:41 Leather Archer Armor
29:23 Ballistics
31:51 Hand Cart
32:41 Gambesons
33:42 Two-Handed Swordsman
34:22 Squires
36:11 Chain Mail Armor
37:08 Heavy Plow
42:46 Imperial Age
Sebo
5:42 Loom
12:46 Feudal Age
16:24 Castle Age
15:46 Double-Bit Axe
17:22 Bow Saw
22:02 Wheelbarrow
23:13 Town Watch
23:46 Horse Collar
26:20 Hand Cart
27:31 Scale Barding Armor
27:37 Forging
27:39 Husbandry
27:55 Bloodlines
28:58 Chain Barding Armor
30:31 Heavy Plow
30:22 Gold Mining
30:23 Stone Mining
34:34 Imperial Age
36:15 Plate Barding Armor
35:07 Cavalier
36:23 Iron Casting
37:04 Town Patrol
Connection lost

Rejoining the realm…

Still unreachable

The connection could not be restored.

Session expired

The server has moved on; the page needs a fresh start.